 Dungeon Crawl Stone Soup version 0.14-a0-1974-gdb6e453 (webtiles) character file.

233 Kae the Insei (level 5, -2/40 HPs)
             Began as a Draconian Transmuter on Jan 18, 2014.
             Slain by an orc wizard
             ... wielding a +0,+0 orcish flail
              (7 damage)
             ... on Level 2 of the Dungeon.
             The game lasted 00:05:02 (3382 turns).

Kae the Insei (Draconian Transmuter)                Turns: 3382, Time: 00:05:02

HP  -2/40        AC  5     Str 12      XL: 5   Next: 26%
MP   8/9         EV 12     Int 14      God:
Gold 62          SH  0     Dex 12      Spells:  1 memorised,  7 levels left

rFire  . . .     SeeInvis .       - Unarmed
rCold  . . .     Clarity  .     (armour unavailable)
rNeg   . . .     Conserve .     (no shield)
rPois  .         rCorr    .     (helmet restricted)
rElec  .         rRot     .     (no cloak)
SustAb . .       Spirit   .     (no gloves)
rMut   .         Warding  .     (no boots)
Saprov . . .     Stasis   .     n - cursed amulet of faith
MR     .....                    (no ring)
                                (no ring)

@: very slightly contaminated, not resistant to hostile enchantments, unstealthy
A: unfitting armour, horns 1, stinger 1, breathe flames 1, AC +5
a: Breathe Fire


You were on level 2 of the Dungeon.
You were not hungry.

You visited 1 branch of the dungeon, and saw 3 of its levels.

You collected 62 gold pieces.

Inventory:

Missiles
 b - 12 arrows
 g - 13 arrows of frost
Comestibles
 a - 2 bread rations
 k - an apple
 s - a lychee
Scrolls
 c - 3 scrolls of remove curse {unknown}
 i - a scroll of random uselessness {unknown}
 j - a scroll of recharging {unknown}
 l - a scroll of curse jewellery
 o - 2 scrolls of identify
 r - a scroll of enchant weapon II
Jewellery
 n - a cursed amulet of faith (around neck)
Potions
 f - a potion of speed {unknown}
 m - a potion of mutation
 p - 2 potions of cure mutation {unknown}
 q - 2 potions of poison {unknown}
Books
 d - a book of Changes

   Spells                             Type                      Level
   *Beastly Appendage                 Transmutation                1
   Sticks to Snakes                   Transmutation                2
   Spider Form                        Transmutation/Poison         3
   Ice Form                           Ice/Transmutation            4
   Blade Hands                        Transmutation                5


   Skills:
 - Level 1.1 Fighting
 - Level 1.7 Dodging
 * Level 5.1 Unarmed Combat
 - Level 2.0 Spellcasting
 + Level 3.7 Transmutations


You had 7 spell levels left.
You knew the following spells:

 Your Spells              Type           Power        Failure   Level  Hunger
a - Beastly Appendage     Trmt           ##....       6%          1    ##.....


Dungeon Overview and Level Annotations

Branches:
Dungeon (3/16)

Altars:

Annotations:
D:3 Kae's ghost, average MiFi


Innate Abilities, Weirdness & Mutations

Your plain brown scales are hard (AC +5).
Your body does not fit into most forms of armour.
Your cold-blooded metabolism reacts poorly to cold.
You have a pair of small horns on your head.
Your tail ends in a poisonous barb.
You can breathe flames.


Message History

The puff of flame hits you! Kae's ghost hits you.
You climb upwards.
There is a stone staircase leading down, spattered with blood here.
You can't go up here!
Unknown command.
Unknown command.
Casting: Beastly Appendage
Confirm with . or Enter, or press ? or * to list all spells.
You miscast Beastly Appendage.
You are very lightly contaminated with residual magic.
Your skin glows momentarily.
The orc wizard hits you with an orcish flail!
* * * LOW HITPOINT WARNING * * *
Drink which item? (? for menu, Esc to quit)
You feel extremely strange. A pair of horns grows on your head!
Your throat feels hot.
A poisonous barb forms on the end of your tail.
It was a potion of mutation.
The orc wizard hits you with an orcish flail!
You die...

.......# #.# ####.#### ########
#.# #.......# ##### #.#
#.......######### #...# #.#
#.............##. #...# #.#
####..........##. #...# #.#
#..........##. #...# #.#
#..........##.
#...#########>######..........##.
...............o@.............'..
#..)################..........###
#...# #....#.......##.# #...#
#.##.#........#.# #...#
#...........).#.# #...#
###..#.#.######.#.# #...#
#......#.# #.#.# #####
##.######.# #.#.# #.........#
#.#.###


You could see an orc wizard.

Vanquished Creatures
  An orc priest (D:3)
  3 gnolls (D:2)
  A giant mite (D:3)
  4 adders
  3 giant geckos
  4 orcs
  2 ball pythons (D:1)
  8 bats
  4 giant cockroaches
  10 hobgoblins
  2 jackals (D:1)
  9 kobolds
  2 quokkas (D:2)
  A giant newt (D:1)
  13 goblins
  2 rats
69 creatures vanquished.

Notes
Turn   | Place    | Note
--------------------------------------------------------------
     0 | D:1      | Kae, the Draconian Transmuter, began the quest for the Orb.
     0 | D:1      | Reached XP level 1. HP: 16/16 MP: 3/3
   138 | D:1      | Reached XP level 2. HP: 12/23 MP: 4/4
  1033 | D:1      | Reached XP level 3. HP: 28/28 MP: 6/6
  1474 | D:2      | Reached skill level 4 in Unarmed Combat
  1552 | D:2      | Reached XP level 4. HP: 5/35 MP: 5/7
  2799 | D:3      | Reached skill level 5 in Unarmed Combat
  2799 | D:3      | Reached XP level 5. HP: 11/40 MP: 7/9
  2859 | D:3      | Noticed Kae's ghost (average MiFi)
  3382 | D:2      | Gained mutation: You have a pair of small horns on your head. [potion of mutation]
  3382 | D:2      | Gained mutation: You can breathe flames. [potion of mutation]
  3382 | D:2      | Gained mutation: Your tail ends in a poisonous barb. [potion of mutation]
  3382 | D:2      | Slain by an orc wizard

Action                   |  1- 3 |  4- 6 || total
-------------------------+-------+-------++-------
Melee: Unarmed           |   171 |    92 ||   263
 Cast: Beastly Appendage |    10 |     7 ||    17
  Use: Scroll            |       |     9 ||     9
       Potion            |       |     2 ||     2
